Map: Oxide LE

Players

A.I. 1 (Very Easy) - Winner!

  • Race: Protoss Protoss
  • Spawn Location: 1:00

PrinceZuko

  • Race: Terran Terran
  • League: Master
  • Spawn Location: 7:00

VOD

Have the link to the VOD?

Description

General idea:

- wall our ramp at 18 supply so Protoss doesn't know what we are doing
- open with no gas and two Barracks, pure Marine production, to safely out-DPS proxy locations
- transition into a 3 Barracks setup to get Stim and Combat Shields for a potential timing
- follow-up with Factory and Starport, third Command Center, fourth and fifth Barracks
- set up for our next potential timing with our first two Medivacs
- transition into a 3 base macro setup to do whatever you want after that!

Some benchmarks and mental triggers to help you learn the build:

natural CC @ 2:00
first and second Refinery by 2:22
Engineering Bay by 3:00
Factory by 4:35
When Factory starts: third Refinery
When Factory finishes: Starport & Factory Reactor

The gas that we mine must be spent in a very specific order to set up this timing. Every drop of gas is very important with this build, so make sure to make each of these as soon as you have the gas for it.

first 100 gas: addons for your 3 Barracks (2 Tech Labs, 1 Reactor)
next 100 gas: +1 Attack
next 100 gas: Stim
next 100 gas: Combat Shields
next 50 gas: EXACTLY 2 Marauders (Until this point in the build, make Marines from your Tech Lab'd Barracks.)
next 100 gas: Factory

Another important detail is that we must cut SCVs at 46 while we set up our infrastructure. (That's 2 base saturation, plus two SCVs to make Supply Depots.) This allows us to build our fourth Refinery, third Command Center, and fourth and fifth Barracks relatively early while maintaining constant unit production. After we reach this setup, resume SCV production.

-------------------------------------------

Decision making and unit usage:

The SCV that makes the Supply Depot walloff should go scout after partially constructing the Supply Depot. (Aim for ~100 health on the Depot.) If Protoss is gearing up for a standard game, this SCV should see a Nexus, two Pylons, a Gateway, and a Cybernetics Core before being sent back home. If not, we're getting attacked.

If you see no Nexus: check the main base. If there's less than 2 Pylons, you're being proxied; fan out Marines across your side of the map (the highest priority to check for is proxy Stargate locations, like near your main base cliff, so scout those zones first.) Once you find the proxy: if it's close to your base, just attack it with all your Marines and kill it. They can't possibly have enough units to beat your mass Marine. If it's far from your base, bring your Marines home, keep up your macro, and defend with Marines and Bunkers (and Missile Turrets if it's proxy Stargate.) It's often good to try to get Stim ASAP to go for a counter-all-in.

If we're getting attacked, we should use our Marines to defend. (See section below on scouting information.)

If we're not getting attacked, we want to use our extra Marines to do some damage. Send the first 5 Marines out onto the map on a side path -- both Adepts and Stalkers can escape Marines, so we ideally want to dodge any Protoss unit if it is being sent to our base. Sneak into the mineral line and kill as many Probes as you can; we don't really need these Marines, so it's fine if they die.

We'll use our next few rounds of Marines to defend.

If you haven't seen the tech structure, keep 5 Marines in each mineral line to defend against a potential Oracle.

If you saw anything that made you suspect Dark Templar (e.g. a very fast Robotics Facility, or only one unit) with your Marine runby, make a Missile Turret at the front of your base and save a scan until 5:00.

Send out some spotter Marines to check possible third Nexus locations by 4:15 or so. If they arrive and see a third Nexus started, we are economically behind, so we take the role of the aggressor; attack with Combat Shields, Stim, and +1, and do as much damage as we can. If there is not, we take the role of the defender: scan the Protoss natural or main to see the tech choices and units they have. Calmly wait, build up our huge army, and use our next power spike with the first two Medivacs to take map control, start denying Protoss vision, and get aggressive.

After this point, do whatever you want; the most typical thing to do would be to tech into either Ghosts or Vikings, depending on your opponent's tech choice, while getting a fourth Command Center and an Armory for +2/+2. One thing I like to do personally is to skip the Armory, skip +2/+2, and skip the fourth Command Center, in favor of getting _both_ Ghosts and Vikings for a huge 3-base all-in.

Time

  • Played on: March 21, 2021, 9:23 p.m.
  • Length: 6:52
Show
View Real Time Build Order
Export as new Build Order

A.I. 1 (Very Easy) Protoss - Winner!

Build Orders:  

Get SALT Encoding   

  12  0:00  Probe  
  13  0:13  Probe  
  14  0:19  Pylon  
  14  0:36  Assimilator  
  14  0:43  Gateway  
  14  0:48  Pylon  
  14  1:13  Assimilator  
  14  1:22  Probe  
  14  1:30  Probe  
  14  1:32  Zealot  
  17  1:33  Cybernetics Core  
  17  1:38  Probe  
  19  1:49  Probe  
  20  1:59  Warp Gate, Probe  
  21  2:07  Probe  
  22  2:44  Stalker  
  20  3:44  Probe  
  19  3:56  Probe  
  19  3:57  Zealot  
  21  4:08  Probe  
  22  5:10  Stalker  
  24  5:35  Probe  
Show
View Real Time Build Order
Export as new Build Order

PrinceZuko Terran 

Build Orders:  

Get SALT Encoding   

  12  0:00  SCV  
  13  0:12  SCV  
  14  0:16  Supply Depot  
  14  0:24  SCV  
  15  0:38  SCV  
  15  0:39  Barracks  
  16  0:50  SCV  
  16  0:52  Barracks  
  17  1:02  SCV  
  18  1:08  Supply Depot  
  18  1:14  SCV  
  19  1:28  Marine  
  19  1:29  Orbital Command  
  20  1:39  Marine  
  21  1:48  Marine  
  22  1:56  SCV  
  22  1:59  Command Center  
  23  2:03  Marine  
  23  2:07  Marine  
  23  2:08  SCV  
  26  2:13  Supply Depot  
  26  2:20  SCV  
  26  2:21  Refinery  
  26  2:22  Refinery  
  27  2:25  Marine  
  27  2:27  Marine  
  29  2:32  SCV  
  30  2:41  Barracks  
  30  2:44  SCV  
  30  2:49  Marine  
  30  2:50  Marine  
  33  2:56  SCV  
  34  3:03  Engineering Bay  
  34  3:08  Barracks Tech Lab  
  34  3:09  SCV  
  35  3:13  Barracks Reactor  
  35  3:17  Orbital Command  
  34  3:21  SCV  
  33  3:27  Marine  
  33  3:30  Terran Infantry Weapons Level 1  
  33  3:33  Marine, SCV  
  35  3:39  Stimpack  
  35  3:45  SCV x2  
  35  3:47  Barracks Tech Lab  
  37  3:50  Marine x2  
  37  3:55  Marauder  
  41  3:57  SCV  
  41  3:59  SCV  
  43  4:04  Supply Depot  
  43  4:06  Marine  
  43  4:07  Combat Shield  
  43  4:09  SCV  
  45  4:10  Marine x2  
  45  4:11  SCV  
  45  4:16  Marine  
  48  4:21  SCV  
  48  4:22  Supply Depot  
  48  4:23  SCV  
  50  4:27  Marauder  
  50  4:30  Marine x2  
  54  4:33  SCV  
  54  4:35  Factory  
  54  4:37  SCV  
  58  4:38  Marauder  
  58  4:40  Supply Depot  
  58  4:43  Refinery  
  58  4:45  SCV  
  59  4:48  Marine x2, Supply Depot  
  59  4:49  SCV  
  59  4:52  Marauder  
  64  4:57  SCV  
  65  5:01  Supply Depot, Marauder  
  65  5:04  SCV  
  68  5:08  Marine x2  
  68  5:09  SCV  
  68  5:13  Marauder  
  73  5:15  Supply Depot x2  
  73  5:18  SCV  
  73  5:20  Starport  
  74  5:22  Factory Reactor  
  74  5:26  Marine  
  74  5:27  Marine  
  76  5:29  Marauder  
  78  5:35  SCV  
  78  5:36  SCV  
  78  5:37  Marauder  
  82  5:43  Concussive Shells  
  82  5:48  Marine  
  82  5:49  Marine  
  84  5:53  Marauder  
  84  5:55  Command Center  
  86  5:59  Marauder  
  88  6:05  Refinery  
  88  6:07  Marine x2  
  88  6:08  Medivac  
  88  6:09  Medivac  
  94  6:17  Marauder  
  96  6:22  Barracks, Marauder  
  96  6:23  Barracks  
  96  6:25  SCV x2  
  100  6:26  Marine x2  
  100  6:27  Factory Reactor  
  102  6:37  SCV  
  102  6:39  Supply Depot  
  104  6:41  Supply Depot  
Tags
 
League
Master
Matchup
PvT
Spawn Locations
Cross Positions
Add a new tag
Caveats
  • Supply blocks, unpowered buildings, or Contaminate may cause inaccurate times.
  • Supply counts are checked every 10 seconds.